 Dungeon Crawl Stone Soup version 0.29.1-12-g30fa7ad0bf (webtiles) character file.

Game seed: 18203885057829341278

50 Gabide the Cudgeller (level 4, 0/31 (37) HPs)
             Began as a Formicid Berserker on Dec 25, 2022.
             Was a Believer of Trog.
             Slain by an orc priest
             ... wielding a +0 flail
              (7 damage)
             ... on level 2 of the Dungeon.
             The game lasted 00:01:49 (2150 turns).

Gabide the Cudgeller (Formicid Berserker)           Turns: 2150, Time: 00:01:50

HP:   0/31 (37)     AC:  5    Str: 24    XL:     4   Next: 4%
MP:   0/4           EV: 11    Int:  6    God:    Trog [**....]
Gold: 62            SH:  0    Dex: 13    Spells: 3/3 levels left

rFire   . . .      SeeInvis +   a - +0 mace
rCold   . . .      Faith    .   (no shield)
rNeg    . . .      Spirit   +   e - +0 ring mail
rPois   .          Reflect  .   (helmet unavailable)
rElec   .          Harm     .   (no cloak)
rCorr   .          Rampage  .   (no gloves)
Will    ++...                   (no boots)
Stlth   +.........              b - amulet of guardian spirit
HPRegen 1.10/turn               (no ring)
MPRegen 0.09/turn               (no ring)

@: strong-willed (expiring), regenerating (expiring), heavily drained
A: permanent stasis, dig shafts and tunnels, antennae 3, four strong arms
a: Dig, Shaft Self, Renounce Religion, Trog's Hand


You were on level 2 of the Dungeon.
You worshipped Trog.
Trog was pleased with you.
You visited 1 branch of the dungeon, and saw 3 of its levels.

You collected 62 gold pieces.

Inventory:

Hand Weapons
 a - a +0 mace (weapon)
Armour
 e - a +0 ring mail (worn)
Jewellery
 b - an amulet of guardian spirit (around neck)
 m - a ring of ice
Scrolls
 i - a scroll of teleportation {unknown}
 k - a scroll of fear {unknown}
 l - 2 scrolls of silence
Potions
 c - 2 potions of curing
 d - a potion of haste {unknown}
 f - a potion of berserk rage {unknown}
 g - 2 potions of attraction
 h - a potion of heal wounds {unknown}
 j - a potion of flight {unknown}


   Skills:
 + Level 3.7 Fighting
 * Level 3.9 Maces & Flails
 - Level 2.1 Armour
 + Level 2.3 Dodging


You had 3 spell levels left.
You didn't know any spells.
Your spell library was empty.

Dungeon Overview and Level Annotations

Branches:
Dungeon (3/15)

Altars:


Innate Abilities, Weirdness & Mutations

You cannot be hasted, slowed, berserked, paralysed or teleported.
You can dig through walls and to a lower floor.
You have a pair of large antennae on your head. (SInv)
Your four strong arms can wield two-handed weapons with a shield.


Message History

You hit the orc priest.
The orc priest is heavily wounded.
The orc hits you with a +2 flail of draining.
You feel drained.
The orc priest hits you with a +0 flail.
You closely miss the orc priest.
The orc priest is heavily wounded.
The orc barely misses you.
The orc priest casts a cantrip, but nothing happens.
The orc attacks as you move away! The orc barely misses you.
Press: ? - help, v - describe, . - travel
Here: an orc, wielding a +2 flail of draining and wearing a +0 ring mail The floor.
Unknown command.
Unknown command.
You closely miss the orc. The orc barely misses you.
You hit the orc but do no damage. The orc closely misses you.
The orc barely misses you.
You hit the orc.
The orc is severely wounded.
The orc hits you with a +2 flail of draining!
You feel drained.
* * * LOW HITPOINT WARNING * * *
You sock the orc!
You kill the orc!
Trog accepts your kill.
You closely miss the orc priest.
The orc priest is heavily wounded.
The orc priest hits you with a +0 flail.
* * * LOW HITPOINT WARNING * * *
You hit the orc priest.
The orc priest is heavily wounded.
The orc priest closely misses you.
You closely miss the orc priest.
The orc priest is heavily wounded.
You feel the effects of Trog's Hand fading.
The orc priest mumbles some strange prayers to Beogh against you.
You resist with almost no effort.
The orc priest hits you with a +0 flail!
You die...

#.# ########.##...# #<#
#........#.# #.# #.###.##...# #.#
#.# #.###### #.# #.# #.# #######
#.# #.# #.# #.<.... #.# ######.#
#.# #.##### #.#######......###.##
#.# #...............@o..# #.#
#..######.########>.#######.###
#..# #.# #..##........### #..#
#.# #..##.####.#.#.. #..# #.#
#..##.# #.#.#.# #..######.#
#..##.# #.#.#.# #......##.#
#..##.####.#.#.# #.####.##.##
#..........#.#.#
#......#...#######.###.######.#.#


You could see an orc priest.

Vanquished Creatures
  An adder (D:2)
  An orc (D:2)
  2 ball pythons (D:2)
  6 bats
  7 endoplasms
  A giant cockroach (D:1)
  3 goblins
  4 hobgoblins
  2 quokkas
  8 kobolds
35 creatures vanquished.

Notes
Turn   | Place    | Note
-------+----------+-------------------------------------------
     0 | D:1      | Gabide the Formicid Berserker began the quest for the Orb.
     0 | D:1      | Reached XP level 1. HP: 18/18 MP: 1/1
   187 | D:1      | Reached XP level 2. HP: 21/24 MP: 2/2
   852 | D:1      | Reached XP level 3. HP: 29/29 MP: 3/3
  1502 | D:2      | Reached ** piety under Trog
  1752 | D:2      | Found a faded altar of an unknown god.
  1993 | D:2      | Reached XP level 4. HP: 32/37 MP: 4/4
  2150 | D:2      | Slain by an orc priest

Illustrated notes

Levels and vault maps discovered:
D:1:      eino_arrival_cavern_d, layout_loops_cross, eino_curves_03
D:2:      layout_loops_ring, ebering_ecumenical_altar_hall
D:3:      layout_basic, evilmike_ruin_ashenzari

Skill      XL: |  1  2 |
---------------+-------+-----
Dodging        | 2 |  2.3
Fighting       | |  3.7
Maces & Flails | |  3.9
Armour         | |  2.1

Action                   |  1- 3 |  4- 6 || total
-------------------------+-------+-------++-------
Melee: Mace              |    96 |    10 ||   106
       Punch             |     2 |       ||     2
Invok: Trog's Hand       |       |     1 ||     1
  Use: Scroll            |     3 |       ||     3
Armor: Animal skin       |     5 |       ||     5
       Ring mail         |    50 |       ||    50
Dodge: Dodged            |    73 |     7 ||    80
